 Dungeon Crawl Stone Soup version 0.20-a0-299-gec7c366 (webtiles) character file.

147 Havercy the Insei (level 5, 36/37 HPs)
             Began as a Demonspawn Transmuter on Dec 15, 2016.
             Quit the game on level 3 of the Dungeon.
             The game lasted 00:02:53 (3358 turns).

Havercy the Insei (Demonspawn Transmuter)           Turns: 3358, Time: 00:02:54

Health: 36/37      AC:  2    Str: 16    XL:     5   Next: 8%
Magic:  8/8        EV: 12    Int: 15    God:
Gold:   65         SH:  0    Dex: 13    Spells: 7/8 levels left

rFire  . . .     SeeInvis .       - Unarmed
rCold  . . .     Gourm    .     b - +0 robe
rNeg   . . .     Faith    .     (no shield)
rPois  .         Spirit   .     (no helmet)
rElec  .         Reflect  .     (no cloak)
rCorr  .         Harm     .     (no gloves)
MR     .....                    (no boots)
Stlth  +.........               (no amulet)
                                (no ring)
                                f - +5 ring of strength

@: no status effects
A: claws 1, hooves 1, demonic guardian 1, powered by pain 1
a: no special abilities


You were on level 3 of the Dungeon.
You were hungry.

You visited 1 branch of the dungeon, and saw 3 of its levels.

You collected 65 gold pieces.

Inventory:

Armour
 b - a +0 robe (worn)
Jewellery
 f - a +5 ring of strength (left claw)
Wands
 m - a wand of iceblast (5/15)
Scrolls
 e - a scroll of remove curse
 g - a scroll of blinking {unknown}
 j - a scroll of enchant weapon {unknown}
 l - a scroll of teleportation {unknown}
Potions
 a - a potion of curing
 h - a potion of might
 i - 2 potions of flight {unknown}
Books
 c - a book of Changes

   Spells                             Type                      Level
   a - Beastly Appendage              Transmutation                1
   b - Sticks to Snakes               Transmutation                2
   c - Spider Form                    Transmutation/Poison         3
   d - Ice Form                       Ice/Transmutation            4
   e - Blade Hands                    Transmutation                5
Comestibles
 d - 2 bread rations
 k - a meat ration


   Skills:
 + Level 1.2 Fighting
 + Level 2.3 Dodging
 * Level 4.4 Unarmed Combat
 + Level 2.3 Spellcasting
 * Level 2.4 Transmutations


You had 7 spell levels left.
You knew the following spells:

 Your Spells              Type           Power        Failure   Level  Hunger
a - Beastly Appendage     Tmut           #.....       10%         1    #......


Dungeon Overview and Level Annotations

Branches:
Dungeon (3/15)

Altars:
Makhleb


Innate Abilities, Weirdness & Mutations

You have sharp fingernails.
You have large cloven feet.
A weak demonic guardian rushes to your aid.
You sometimes gain a little power by taking damage.


Message History

No target in view!
You start resting.
You are feeling hungry.
You start resting.
You start resting.
A kobold comes into view. It is wielding a hand axe.
A kobold is nearby!
Okay, then.
A kobold is nearby!
The kobold shouts!
The kobold throws a stone.
The stone barely misses you.
You see here a jackal skeleton.
A kobold is nearby!
The kobold throws a stone.
The stone closely misses you.
A kobold is nearby!
The kobold barely misses you.
You scratch the kobold. You claw the kobold.
You kill the kobold!
No target in view!
Are you sure you want to abandon this character and quit the game? (Confirm with "yes".)

##..###..
........#
........#
........#
........##.#
........##.#
.......)##.#
.......@##.#
........##.#
........##.#
######.÷##.#
#.......#
#....(†.#
#.......#
#####'#)#
#.#.#


There were no monsters in sight!

Vanquished Creatures
  Ijyb (D:3)
  6 adders
  2 worms (D:2)
  2 dart slugs (D:2)
  8 orcs (D:3)
  5 bats
  A giant cockroach (D:1)
  7 goblins
  4 hobgoblins
  5 jackals
  5 kobolds
  3 frilled lizards
  4 rats
53 creatures vanquished.

Vanquished Creatures (collateral kills)
  2 jackals (D:3)
2 creatures vanquished.

Grand Total: 55 creatures vanquished

Notes
Turn   | Place    | Note
-------+----------+-------------------------------------------
     0 | D:1      | Havercy the Demonspawn Transmuter began the quest for the Orb.
     0 | D:1      | Reached XP level 1. HP: 15/15 MP: 3/3
   358 | D:1      | Reached skill level 3 in Unarmed Combat
   552 | D:1      | Gained mutation: You have sharp fingernails. [demonic ancestry]
   552 | D:1      | Reached XP level 2. HP: 21/21 MP: 5/5
   981 | D:2      | HP: 1/21 [poisoned by an adder]
  1196 | D:2      | Gained mutation: A weak demonic guardian rushes to your aid. [demonic ancestry]
  1196 | D:2      | Reached XP level 3. HP: 16/26 MP: 4/6
  1610 | D:2      | Found a burning altar of Makhleb.
  2159 | D:2      | Gained mutation: You sometimes gain a little power by taking damage. [demonic ancestry]
  2159 | D:2      | Reached XP level 4. HP: 26/32 MP: 7/7
  2361 | D:2      | Reached skill level 4 in Unarmed Combat
  3102 | D:3      | Noticed Ijyb
  3107 | D:3      | Killed Ijyb
  3135 | D:3      | Gained mutation: You have large cloven feet. [demonic ancestry]
  3135 | D:3      | Reached XP level 5. HP: 14/37 MP: 8/8
  3358 | D:3      | Quit the game

Vault maps used:
D:1:      shiori_arrival_elements
D:2:      nicolae_overflow_crystal_walls
D:3:      guppyfry_early_lair_pool, uniq_iyjb

Skill      XL: |  1  2  3  4 |
---------------+-------------+-----
Unarmed Combat | 3 4 |  4.4
Dodging        | 2 |  2.3
Transmutations | 2 |  2.4
Fighting       | |  1.2
Spellcasting   | |  2.3

Action                   |  1- 3 |  4- 6 || total
-------------------------+-------+-------++-------
Melee: Unarmed           |    99 |    86 ||   185
       Kick              |     3 |     8 ||    11
       Headbutt          |     1 |     4 ||     5
       Punch             |       |     4 ||     4
 Cast: Beastly Appendage |     5 |     5 ||    10
  Use: Potion            |     1 |       ||     1
       Scroll            |       |     1 ||     1
  Eat: Chunk             |     3 |     4 ||     7
Armor: Robe              |    17 |    15 ||    32
Dodge: Dodged            |    54 |    49 ||   103
